AoeStats
← _vishi_

Black Forest

509280024Analyzed
3v3 RM · 6d ago on Sep 26, 2026· 34m 39s· 6 players
Game mode
Random Map
Map size
Normal (6 player)
Population
200
Speed
Normal
Resources
Standard
Victory
Conquest
Starting age
Dark Age
Ending age
Imperial Age
RankedLock teamsTeams togetherTeam positionsShared explorationLock speedFull tech treeHidden civsTurbo modeCheats
Victory
Defeat
🇮🇳 Franks · India
1393
+13
🇮🇳 Danes · India
1379
+14
🇨🇳 Hindustanis · China
1364
+14
🇺🇸 Chinese · United States
1353
-15
🇺🇸 Bohemians · United States
1339
-14
🇺🇸 Mongols · United States
1291
-12
阳光
12:31 Feudal Age
13:15 Loom
13:20 Double-Bit Axe
17:07 Fletching
17:56 Padded Archer Armor
23:51 Castle Age
22:00 Fishing Lines
22:45 Horse Collar
26:39 Gillnets
27:17 Bow Saw
29:59 Stone Mining
29:59 Gold Mining
31:20 Bodkin Arrow
36:06 Imperial Age
34:16 Wheelbarrow
35:01 Scale Mail Armor
35:12 Forging
_vishi_
11:40 Feudal Age
16:03 Castle Age
14:22 Double-Bit Axe
15:54 Horse Collar
17:09 Wheelbarrow
17:05 Bow Saw
22:38 Heavy Plow
22:28 Loom
28:00 Imperial Age
26:15 Hand Cart
26:22 Stone Mining
26:22 Gold Mining
26:36 Scale Mail Armor
28:14 Gold Shaft Mining
28:15 Stone Shaft Mining
28:20 Arson
28:36 Squires
28:23 Gambesons
28:12 Elite Varangian Guard
29:11 Chain Mail Armor
29:07 Forging
28:42 Capped Ram
31:10 Plate Mail Armor
31:18 Siege Ram
32:18 Hamask
35:37 Iron Casting
Justin Credible
0:26 Loom
12:07 Feudal Age
15:54 Castle Age
14:17 Double-Bit Axe
17:05 Bow Saw
19:04 Wheelbarrow
24:14 Gold Mining
25:51 Hand Cart
29:47 Imperial Age
28:19 Gold Shaft Mining
28:47 Squires
28:34 Arson
28:54 Scale Mail Armor
29:04 Forging
29:11 Stone Mining
30:15 Chain Mail Armor
29:50 Elite Throwing Axeman
30:52 Conscription
31:58 Plate Mail Armor
32:04 Iron Casting
35:10 Blast Furnace
İmparator İlletyus
8:46 Loom
12:58 Feudal Age
14:02 Double-Bit Axe
13:59 Horse Collar
16:50 Castle Age
17:03 Gold Mining
18:06 Bow Saw
17:59 Heavy Plow
20:53 Wheelbarrow
21:32 Stone Mining
24:26 Hand Cart
24:03 Town Watch
25:50 Fletching
26:45 Gold Shaft Mining
26:54 Fortified Wall
27:22 Bodkin Arrow
27:28 Padded Archer Armor
27:31 Husbandry
27:41 Bloodlines
28:33 Ballistics
29:26 Stone Shaft Mining
30:12 Thumb Ring
33:10 Imperial Age
33:37 Leather Archer Armor
34:21 Conscription
34:06 Bracer
34:34 Parthian Tactics
Keif
0:25 Loom
10:24 Feudal Age
10:28 Man-at-Arms
14:13 Fletching
21:07 Castle Age
19:43 Horse Collar
19:51 Double-Bit Axe
21:58 Bow Saw
23:39 Wheelbarrow
27:03 Gold Mining
27:06 Stone Mining
28:11 Hand Cart
28:16 Heavy Plow
32:42 Imperial Age
30:21 Stone Mining
31:04 Great Wall
31:34 Squires
32:54 Arson
33:25 Heavy Rocket Cart
34:37 Scale Mail Armor
34:48 Forging
34:27 Elite Fire Lancer
KbzaSFC
1:14 Loom
11:40 Feudal Age
12:54 Double-Bit Axe
16:22 Castle Age
19:06 Bow Saw
18:37 Horse Collar
19:51 Fishing Lines
21:35 Heavy Plow
24:22 Wheelbarrow
25:40 Gillnets
26:22 Fervor
26:28 Hand Cart
25:59 Town Watch
30:11 Imperial Age
29:18 Chemistry
28:20 Fletching
28:54 Masonry
29:14 Fortified Wall
29:51 Scale Mail Armor
30:36 Bodkin Arrow
31:07 Ballistics
31:36 Bracer
33:22 Murder Holes
33:52 Onager
Connection lost

Rejoining the realm…

Still unreachable

The connection could not be restored.

Session expired

The server has moved on; the page needs a fresh start.